 Dungeon Crawl Stone Soup version 0.22-a0-803-gd6d8abeff0 (webtiles) character file.

1645 PikkenKukken the Sneak (level 8, 0/61 HPs)
             Began as a Demonspawn Assassin on July 22, 2018.
             Was a Follower of Dithmenos.
             Killed from afar by an orc wizard (2 damage)
             ... with a puff of frost
             ... on level 7 of the Dungeon.
             The game lasted 00:27:05 (7214 turns).

PikkenKukken the Sneak (Demonspawn Assassin)        Turns: 7214, Time: 00:27:06

Health: 0/61       AC:  7    Str: 12    XL:     8   Next: 67%
Magic:  0/9        EV: 16    Int: 13    God:    Dithmenos [*.....]
Gold:   408        SH:  0    Dex: 16    Spells: 7/7 levels left

rFire    + . .     SeeInvis +   a - +0 rapier
rCold    . . .     Gourm    .   (no shield)
rNeg     . . .     Faith    .   t - +0 leather armour
rPois    .         Spirit   +   u - +0 helmet
rElec    +         Reflect  .   x - scarf {Spirit}
rCorr    .         Harm     .   (no gloves)
MR       .....                  (no boots)
Stlth    +++.......             (no amulet)
HPRegen  0.20/turn              v - ring of see invisible
MPRegen  0.11/turn              e - +2 ring of evasion

@: lethally poisoned (0 -> -7), wreathed by umbra
A: hooves 1, slimy green scales 2, demonic guardian 1, fire resistance 1,
mutation resistance 1, electricity resistance, flame cloud immunity
a: Renounce Religion


You were on level 7 of the Dungeon.
You worshipped Dithmenos.
Dithmenos was aware of your devotion.
You were not hungry.

You visited 2 branches of the dungeon, and saw 8 of its levels.
You also visited: Sewer.

You collected 408 gold pieces.

Inventory:

Hand Weapons
 a - a +0 rapier (weapon)
 b - a +1 blowgun
 w - a +2 dagger
Missiles
 n - 10 tomahawks (quivered)
 y - 3 poisoned needles
Armour
 c - a +0 robe
 d - a +0 cloak
 r - a +0 robe of positive energy
 t - a +0 leather armour (worn)
 u - a +0 helmet (worn)
 x - a scarf of spirit shield (worn)
Jewellery
 e - a +2 ring of evasion (right hand)
 v - a ring of see invisible (left hand)
Wands
 C - a wand of random effects (37)
Scrolls
 f - 2 scrolls of identify
 i - 2 scrolls of noise
 k - a scroll of fear
 l - 5 scrolls of remove curse
 p - 6 scrolls of teleportation
 A - 4 scrolls of blinking
 B - 2 scrolls of enchant weapon
Potions
 h - 2 potions of magic
 j - 5 potions of curing
 o - 2 potions of haste
 q - 3 potions of brilliance
 s - 4 potions of might
 z - a potion of heal wounds
Comestibles
 g - 12 rations
 m - 4 chunks of flesh


   Skills:
 + Level 4.8 Fighting
 + Level 4.4 Short Blades
 + Level 4.3 Throwing
 - Level 3.3 Armour
 + Level 4.0 Dodging
 + Level 5.8 Stealth
 + Level 2.5 Invocations


You had 7 spell levels left.
You didn't know any spells.
Your spell library contained the following spells:

 Spells                   Type           Power        Failure   Level  Hunger
 Stone Arrow              Conj/Erth      #.....       75%         3    ####...
 Passwall                 Tmut/Erth      #.......     52%         2    ###....
 Lee's Rapid Deconstruct  Erth           #.........   100%        5    ######.
 Sandblast                Erth           #.....       36%         1    ##.....
 Petrify                  Tmut/Erth      #.......     98%         4    #####..


Dungeon Overview and Level Annotations

Branches:
Dungeon (7/15)             Temple (1/1) D:6

Altars:
Ashenzari
Dithmenos
Elyvilon
Fedhas
Hepliaklqana
Kikubaaqudgha
Nemelex Xobeh
Ru
Sif Muna
Trog
Wu Jian
Xom
Yredelemnul
The Shining One
Beogh

Annotations:
D:6 3 runed doors, RedPan's ghost, novice HaSk


Innate Abilities, Weirdness & Mutations

You have large cloven feet.
You are mostly covered in slimy green scales. (AC +3)
A weak demonic guardian rushes to your aid.
Your flesh is heat resistant. (rF+)
You are immune to clouds of flame.
You are somewhat resistant to further mutation.
You are resistant to electric shocks. (rElec)


Message History

The killer bee is moderately wounded.
You feel sick. The killer bee completely misses you.
The killer bee closely misses you. x2; The orc wizard misses you.
The killer bee closely misses you. The killer bee completely misses you.
The killer bee barely misses you.
Unknown command.
You miss the killer bee. Your kick misses the killer bee.
The killer bee is moderately wounded.
You feel sick. The killer bee stings you.
* * * LOW HITPOINT WARNING * * *
The killer bee misses you.
The orc wizard hits you but does no damage.
The killer bee stings you!
* * * LOW HITPOINT WARNING * * *
The killer bee closely misses you. The killer bee stings you.
* * * LOW HITPOINT WARNING * * *
The killer bee stings you but does no damage. x2
The orc wizard casts a spell at you. The puff of frost hits you!
You die...

############# ##.....#.....##
##.............#
#.!.............
#...............
#######.........).....
#......[.....)........
#...yy................
#(.yy@................ ###
###.oyy..............#
...########.oc.##.....#.....##
#......##)..O###############
#..........### # #..........#
..##..........#####
....................
.#........#.##.##..


You could see an ogre, a centaur, 6 killer bees, an orc wizard and an orc.

Vanquished Creatures
  Pikel (D:5)
  A slave (D:5)
  4 ogres
  3 bullfrogs (D:6)
  A wyvern zombie (D:6)
  A scorpion (D:4)
  A howler monkey (D:4)
  A hound (D:6)
  An orc priest (D:7)
  A bullfrog skeleton (D:5)
  An iguana (D:4)
  A worker ant (D:5)
  3 gnolls (D:3)
  4 river rats
  7 adders
  A shadow imp (D:5)
  An ooze (D:2)
  2 adder skeletons (D:4)
  2 worms
  4 dart slugs
  A leopard gecko (D:4)
  15 orcs
  6 ball pythons
  5 giant cockroaches
  7 goblins
  7 hobgoblins
  2 jackals (D:1)
  2 quokkas (D:3)
  2 bats
  15 frilled lizards
  6 kobolds
  A quokka skeleton (D:4)
  19 rats
129 creatures vanquished.

Vanquished Creatures (collateral kills)
  An orc warrior (D:6)
  A sky beast (D:6)
  A phantom (D:5)
  An orc (D:7)
  A jackal (D:7)
  A quokka (D:6)
6 creatures vanquished.

Vanquished Creatures (others)
  2 fungi (D:5)
2 creatures vanquished.

Grand Total: 137 creatures vanquished

Notes
Turn   | Place    | Note
-------+----------+-------------------------------------------
     0 | D:1      | PikkenKukken the Demonspawn Assassin began the quest for the Orb.
     0 | D:1      | Reached XP level 1. HP: 16/16 MP: 1/1
    53 | D:1      | Reached skill level 1 in Dodging
   297 | D:1      | Gained mutation: You are partially covered in slimy green scales. (AC +2) [demonic ancestry]
   297 | D:1      | Reached XP level 2. HP: 22/22 MP: 2/2
   796 | D:2      | Gained mutation: Your flesh is heat resistant. (rF+) [demonic ancestry]
   796 | D:2      | Reached XP level 3. HP: 23/27 MP: 3/3
   806 | D:2      | Noticed an ogre
   831 | D:1      | Killed an ogre
   831 | D:1      | Reached skill level 1 in Armour
   831 | D:1      | Reached skill level 4 in Stealth
   831 | D:1      | Reached XP level 4. HP: 27/34 MP: 4/4
   935 | D:2      | Found a hazy altar of Hepliaklqana.
   936 | D:2      | Found a sparkling altar of Nemelex Xobeh.
   939 | D:2      | Noticed an ogre
   958 | D:2      | Killed an ogre
   958 | D:2      | Gained mutation: A weak demonic guardian rushes to your aid. [demonic ancestry]
   958 | D:2      | Reached XP level 5. HP: 27/40 MP: 5/5
  1253 | D:2      | Found a sacrificial altar of Ru.
  1253 | D:2      | Found a basalt altar of Yredelemnul.
  1253 | D:2      | Found a deep blue altar of Sif Muna.
  1255 | D:2      | Found a blossoming altar of Fedhas.
  2618 | D:3      | Gained mutation: You are immune to clouds of flame. [demonic ancestry]
  2618 | D:3      | Reached XP level 6. HP: 47/47 MP: 6/6
  3010 | D:3      | You fall through a shaft for 3 floors!
  3111 | D:5      | Entered Level 5 of the Dungeon
  3257 | D:5      | Found a shattered altar of Ashenzari.
  3623 | D:4      | Found a glowing drain.
  3673 | Sewer    | Entered a sewer
  4431 | D:6      | Found a staircase to the Ecumenical Temple.
  4443 | Temple   | Entered the Ecumenical Temple
  4544 | Temple   | Became a worshipper of Dithmenos the Shadowed
  4596 | D:6      | Gained mutation: You are mostly covered in slimy green scales. (AC +3) [demonic ancestry]
  4596 | D:6      | Reached XP level 7. HP: 51/52 MP: 7/7
  5232 | D:5      | Noticed Pikel
  5262 | D:5      | Killed Pikel
  5262 | D:5      | Reached skill level 5 in Stealth
  5262 | D:5      | Gained mutation: You have large cloven feet. [demonic ancestry]
  5262 | D:5      | Reached XP level 8. HP: 60/60 MP: 3/8
  6151 | D:6      | Reached skill level 1 in Invocations
  6220 | D:6      | Found a runed gate.
  6486 | D:6      | Found a runed gate.
  6488 | D:6      | Found a runed gate.
  6494 | D:6      | Noticed RedPan's ghost (novice HaSk)
  6739 | D:6      | Found a roughly hewn altar of Beogh.
  6808 | D:7      | Gained mutation: You are resistant to electric shocks. (rElec) [potion of mutation]
  6808 | D:7      | Gained mutation: You are somewhat resistant to further mutation. [potion of mutation]
  6832 | D:7      | Reached * piety under Dithmenos
  7214 | D:7      | HP: 2/61 [killer bee (3)]
  7214 | D:7      | Killed from afar by an orc wizard

Vault maps used:
D:1:      dpeg_arrival_tiny_k, minmay_pentomino_p4
D:2:      grunt_temple_overflow_open
D:4:      portal_sewer_entry_b
D:5:      first_ration, serial_aquarium, aquarium_bridge_square,
          aquarium_window_fake, aquarium_window_corridor_1, aquarium_window_1,
          aquarium_view_2d, aquarium_balcony_double_4, minmay_misc_feat_alley,
          hangedman_glass_teeth, ashenzari_altar_1, uniq_pikel
D:6:      minmay_temple_entry_water_ring, biasface_ghost_orc_armoury
D:7:      grunt_ogre_cave
Temple:   regret_index_temple_generic_petals
Sewer:    sewer_co_cracked_pipes

Skill      XL: |  1  2  3  4  5  6  7  8 |
---------------+-------------------------+-----
Dodging        | 1 2 3 4 |  4.0
Throwing       | 2 3 4 |  4.3
Short Blades   | 2 3 4 |  4.4
Armour         | 1 2 3 |  3.3
Stealth        | 4 5 |  5.8
Fighting       | 3 4 |  4.8
Invocations    | 2 |  2.5

Action                   |  1- 3 |  4- 6 |  7- 9 || total
-------------------------+-------+-------+-------++-------
Melee: Dagger            |    82 |   148 |       ||   230
       Rapier            |       |   106 |   128 ||   234
       Kick              |       |       |    20 ||    20
 Fire: Blowgun           |    12 |    30 |    12 ||    54
Throw: Tomahawk          |       |     6 |       ||     6
  Use: Scroll            |     5 |    10 |     5 ||    20
       Potion            |       |     3 |     2 ||     5
 Stab: Sleeping          |       |    15 |     6 ||    21
       Distracted        |       |       |     2 ||     2
  Eat: Chunk             |       |    12 |     5 ||    17
       Ration            |       |       |     1 ||     1
Armor: Robe              |    14 |    16 |       ||    30
       Leather armour    |       |    54 |    26 ||    80
Dodge: Dodged            |    52 |   145 |   111 ||   308

Table legend:
 A = Spawn XP
 B = Non-spawn XP
 C = Spawn XP percentage of total XP
 D = Spawn monster count
 E = Non-spawn monster count
 F = Spawn count percentage of total count
 G = Total turns spent on level
                    A         B        C        D         E        F      G
               +---------+---------+-------+---------+---------+-------+---------
         Total |       0 |    2351 |   0.0 |       0 |     134 |   0.0 |  7214
               +---------+---------+-------+---------+---------+-------+---------
           D:1 |       0 |     161 |   0.0 |       0 |      22 |   0.0 |  1041
           D:2 |       0 |     179 |   0.0 |       0 |      21 |   0.0 |   976
           D:3 |       0 |     103 |   0.0 |       0 |      18 |   0.0 |  1168
           D:4 |       0 |     180 |   0.0 |       0 |      19 |   0.0 |   855
           D:5 |       0 |     875 |   0.0 |       0 |      14 |   0.0 |  1010
           D:6 |       0 |     741 |   0.0 |       0 |      12 |   0.0 |  1411
           D:7 |       0 |      53 |   0.0 |       0 |       6 |   0.0 |   144
         Sewer |       0 |      59 |   0.0 |       0 |      22 |   0.0 |   464
               +---------+---------+-------+---------+---------+-------+---------
